 Dungeon Crawl Stone Soup version 0.30.0-15-g856e2d3f33 (webtiles) character file.

Game seed: 604462944857396310

28 qw the Shield-Bearer (level 3, 0/23 HPs)
             Began as a Gargoyle Fighter on May 21, 2023.
             Slain by Robin
             ... wielding a +0 short sword
              (4 damage)
             ... on level 2 of the Dungeon.
             The game lasted 00:00:18 (949 turns).

qw the Shield-Bearer (Gargoyle Fighter)              Turns: 949, Time: 00:00:18

Health: 0/23       AC: 10    Str: 21    XL:     3   Next: 12%
Magic:  3/3        EV:  9    Int:  8    God:
Gold:   55         SH:  4    Dex:  9    Spells: 2/2 levels left

rFire   . . .        Y - +1 war axe
rCold   . . .        c - +0 buckler
rNeg    + . .        b - +0 scale mail
rPois   inf          (no helmet)
rElec   +            (no cloak)
rCorr   .            (no gloves)
SInv    .            (no boots)
Will    .....        (no amulet) Stlth
                     (no ring)
HPRegen 0.23/turn    (no ring)
MPRegen 0.08/turn

%: no passive effects
@: no status effects
A: sickness immunity, AC +3, negative energy resistance 1, electricity
resistance, torment resistance 1, petrification resistance
a: no special abilities


You were on level 2 of the Dungeon.
You visited 1 branch of the dungeon, and saw 2 of its levels.

You collected 55 gold pieces.


Innate Abilities, Weirdness & Mutations

You are immune to sickness and miasma.
Your stone body is resilient. (AC +3)
You are immune to poison.
You resist negative energy. (rN+)
You are resistant to electric shocks. (rElec)
You are resistant to unholy torment.
You are immune to petrification.


   Skills:
 - Level 3.2 Fighting
 + Level 3.2 Axes
 - Level 3.2 Armour
 - Level 3.2 Shields


You had 2 spell levels left.
You didn't know any spells.
Your spell library was empty.

Inventory:

Hand Weapons
 e - a +0 whip
 Y - a +1 war axe (weapon)
Armour
 b - a +0 scale mail (worn)
 c - a +0 buckler (worn)
Scrolls
 a - a scroll of identify
Potions
 d - a potion of might
 h - a potion of flight {unknown}
 i - a potion of heal wounds {unknown}

Dungeon Overview and Level Annotations

Branches:
Dungeon (2/15)

Altars:

Annotations:
D:2 Robin


Message History

The goblin hits you but does no damage. The hobgoblin barely misses you.
The goblin hits you with a +0 club. The goblin barely misses you.
You block the goblin's attack.
You miss the goblin. You hit the goblin.
You kill the goblin!
You slash the hobgoblin!
You kill the hobgoblin!
You slash the goblin!
You kill the goblin!
The goblin closely misses you.
You have reached level 3!
Your experience leads to an increase in your attributes!
Increase (S)trength, (I)ntelligence, or (D)exterity?
You feel stronger. x2
You hit Robin.
Robin is lightly wounded.
You closely miss the goblin. Robin barely misses you.
The goblin barely misses you. Robin hits you but does no damage.
The goblin hits you but does no damage.
You hit Robin.
Robin is heavily wounded.
You barely miss the goblin. Robin barely misses you.
The goblin barely misses you.
You closely miss Robin.
Robin is heavily wounded.
You closely miss the goblin. Robin hits you but does no damage.
The goblin hits you but does no damage.
You barely miss Robin.
Robin is heavily wounded.
You hit the goblin.
You kill the goblin!
Robin hits you but does no damage.
A goblin comes into view. It is wielding a +0 club.
A hobgoblin comes into view.
Robin hits you but does no damage.
You hit Robin.
Robin is heavily wounded.
A goblin comes into view. It is wielding a +0 club.
Robin hits you with a +0 short sword.
You die...

# .#. ##...
####.....
#.......
######.#..#
#....))).#
##.####@..#
#....<#g).#
#######g..#
.g..# g....
#.#.### #.
.. #. ##


You could see Robin, a hobgoblin (strong) and 2 goblins.

Vanquished Creatures
  A dart slug (D:1)
  An endoplasm (D:1)
  A giant cockroach (D:1)
  8 goblins
  3 hobgoblins (D:2)
  A quokka (D:1)
  2 ball pythons (D:1)
  A bat (D:1)
  A frilled lizard (D:1)
  3 kobolds (D:1)
  A rat (D:1)
23 creatures vanquished.

Notes
Turn   | Place    | Note
-------+----------+-------------------------------------------
     0 | D:1      | qw the Gargoyle Fighter began the quest for the Orb.
     0 | D:1      | Reached XP level 1. HP: 14/14 MP: 1/1
     0 | D:1      | 0 ||| qw: Version: 0.2-a-98-g16b38d9
     0 | D:1      | 0 ||| qw: Game counter: 2
     0 | D:1      | 0 ||| qw: Always use a shield: true
     0 | D:1      | 0 ||| qw: God list: Okawaru
     0 | D:1      | 0 ||| qw: Allow faded altars: false
     0 | D:1      | 0 ||| qw: Do Orc after D:15 true
     0 | D:1      | 0 ||| qw: Do second Lair branch before Depths: true
     0 | D:1      | 0 ||| qw: Lair rune preference: random
     0 | D:1      | 0 ||| qw: Plans: Normal, Zot:1-4, God:TSO, Crypt, Tomb,
                  | Pan, Slime:5, Hells, Abyss, Win
     0 | D:1      | 0 ||| PLANNING D:1-11
     8 | D:1      | Noticed an electric eel
   126 | D:1      | 126 ||| Stepping ~*~*~tactically~*~*~ (hiding).
   127 | D:1      | 127 ||| Stepping ~*~*~tactically~*~*~ (hiding).
   332 | D:1      | Found a faded altar of an unknown god.
   357 | D:1      | Reached XP level 2. HP: 18/19 MP: 2/2
   878 | D:1      | 878 ||| READING 2 scrolls labelled GUBUOQ UGHOWK.
   879 | D:1      | 879 ||| READING scroll labelled GECWAG XUNEIQO.
   880 | D:1      | 880 ||| READING scroll labelled UPYDED ZAUHIAT.
   937 | D:2      | Noticed Robin
   942 | D:2      | HP: 3/19 [goblin/+0 club[Robin] (2)]
   943 | D:2      | Reached skill level 3 in Axes
   945 | D:2      | Reached XP level 3. HP: 3/23 MP: 3/3
   949 | D:2      | Slain by Robin

Levels and vault maps discovered:
D:1:      arrival_aquarium_a, layout_loops_cross, shapermc_ecumenical_altar_gd
D:2:      layout_basic, uniq_robin

Skill      XL: |  1  2 |
---------------+-------+-----
Axes           | 2 3 |  3.2
Fighting       | |  3.2
Armour         | |  3.2
Shields        | |  3.2

Action                     || total
---------------------------++-------
  Melee: War axe           ||    50
    Use: Scroll            ||     3
 Armour: Scale mail        ||    31
  Dodge: Dodged            ||    25
  Block: Buckler           ||    12

Table legend:
 A = Non-vault XP
 B = Vault XP
 C = Vault XP percentage of total XP
 D = Non-vault monster count
 E = Vault monster count
 F = Vault count percentage of total count
                 A         B        C        D         E       F
            +---------+---------+-------+---------+---------+-------
      Total |      24 |      16 |  40.0 |      14 |       9 |  39.1
            +---------+---------+-------+---------+---------+-------
        D:1 |      22 |       0 |   0.0 |      13 |       0 |   0.0
        D:2 |       2 |      16 |  88.9 |       1 |       9 |  90.0
            +---------+---------+-------+---------+---------+-------
